 Dungeon Crawl Stone Soup version 0.27.1-34-g3ba077fa99 (webtiles) character file.

Game seed: 14732077954660074624

2 comborobin the Sneak (level 1, -7/13 HPs)
             Began as a Vampire Delver on Jan 8, 2022.
             Was an Initiate of Okawaru.
             Mangled by an iguana (12 damage)
             ... on level 4 of the Dungeon.
             The game lasted 00:00:38 (72 turns).

comborobin the Sneak (Vampire Delver)                 Turns: 72, Time: 00:00:39

Health: -7/13      AC:  3    Str: 11    XL:     1   Next: 33%
Magic:  1/1        EV: 12    Int: 12    God:    Okawaru [......]
Gold:   0          SH:  0    Dex: 15    Spells: 0/0 levels left

rFire    . . .     SeeInvis +     - Unarmed
rCold    + + .     Faith    .   (no shield)
rNeg     + + +     Spirit   .   a - +0 leather armour
rPois    ∞         Reflect  .   (no helmet)
rElec    .         Harm     .   (no cloak)
rCorr    .         Rampage  .   (no gloves)
Will     .....                  (no boots)
Stlth    +++++.....             (no amulet)
HPRegen  0.00/turn              (no ring)
MPRegen  0.07/turn              (no ring)

@: bloodless, inhibited regen, hasted, very quick
A: bloodless, fangs 3, see invisible, vampiric 1
a: Revivify, Renounce Religion


You were on level 4 of the Dungeon.
You worshipped Okawaru.
Okawaru was noncommittal.
You visited 1 branch of the dungeon, and saw 3 of its levels.

Inventory:

Armour
 a - a +0 leather armour (worn)
Wands
 f - a wand of digging (3)
Scrolls
 b - a scroll of fog
 d - a scroll of fear


   Skills:
 - Level 2.6 Fighting
 - Level 2.1 Dodging
 - Level 7.2 Stealth
 + Level 2.5 Unarmed Combat


You couldn't memorise any spells.
You didn't know any spells.
Your spell library was empty.

Dungeon Overview and Level Annotations

Branches:
Dungeon (6/15)
 Temple: D:4-7

Altars:
Okawaru


Innate Abilities, Weirdness & Mutations

You do not regenerate when monsters are visible.
You are frail without blood (-20% HP).
You can heal yourself when you bite living creatures.
You are immune to poison.
You have razor-sharp teeth.
You have supernaturally acute eyesight. (SInv)
You are afflicted with vampirism.


Message History

Press < or > to pray at altars.
Unknown command.
Press < or > to pray at altars.
Okay, then.
You begin bloodletting.
You continue bloodletting. x5
You become bloodless.
Okay, then.
You see here a +0 robe.
Found a stone staircase leading up.
There is a stone staircase leading up here.
A gnoll comes into view. It is wielding a +0 spear.
A gnoll is nearby!
Okay, then.
There is a stone staircase leading up here.
You climb upwards.
Found a stone staircase leading up.
There is a stone staircase leading down here.
A kobold comes into view.
It is wielding a +0 club and quivering poisoned darts.
A kobold is nearby!
A kobold is nearby!
An iguana comes into view.
Found a stone staircase leading down.
The iguana hisses angrily.
Okay, then.
Okay, then.
Okay, then.
Okay, then.
You feel yourself speed up.
Found a stone staircase leading down.
You hit the iguana. You bite the iguana, but do no damage.
The iguana is lightly wounded.
You hit the iguana but do no damage.
The iguana is lightly wounded.
The iguana bites you!
Ouch! That really hurt!
You barely miss the iguana.
The iguana is lightly wounded.
The iguana bites you!
Ouch! That really hurt!
You die...

#.##.#........
#.##.#..##..#.
#.##.#..# ....
##.##.#..##.##.#
...............
.#.##.#..##.##..
#.##...........
#.####..##.##..
.......@.......
.......l.......
######...#.....
#...#..>.. +....
.... #...#. #..
#...>. .. .....
.


You could see an iguana.

Vanquished Creatures
  2 goblins (D:5)
2 creatures vanquished.

Notes
Turn   | Place    | Note
-------+----------+-------------------------------------------
     0 | D:5      | comborobin the Vampire Delver began the quest for the Orb.
     0 | D:5      | Reached XP level 1. HP: 17/17 MP: 1/1
     1 | D:6      | Noticed a hound
    11 | D:5      | Found an iron altar of Okawaru.
    28 | D:5      | Became a worshipper of Warmaster Okawaru
    65 | D:4      | Noticed an iguana
    72 | D:4      | Mangled by an iguana

Illustrated notes

Levels and vault maps discovered:
D:4:      layout_basic
D:5:      layout_loops_ring, overflow_temple_1_default, zin_scriptorium,
          kennysheep_okawaru_gauntlet, nzn_hepliaklqana_mist_gate,
          minmay_strange_pillars, uniq_duvessa
D:6:      layout_loops_ring, xom_teletrap_fun, temple_hall, gup_sewer_entry_bowl

Action                   || total
-------------------------++-------
Melee: Unarmed           ||     3
       Bite              ||     1
Throw: Dart              ||     8
 Abil: Exsanguinate      ||     1
  Use: Scroll            ||     1
       Potion            ||     1
